 Dungeon Crawl Stone Soup version 0.27.1-1-g398f81649c (webtiles) character file.

Game seed: 1674368856277347176

56 ZARRMARR the Conjurer (level 3, 0/24 HPs)
             Began as an Octopode Conjurer on Sept 12, 2021.
             Slain by a goblin (5 damage)
             ... led by Robin
             ... on level 2 of the Dungeon.
             The game lasted 00:02:43 (1250 turns).

ZARRMARR the Conjurer (Octopode Conjurer)           Turns: 1250, Time: 00:02:44

Health: 0/24       AC:  1    Str:  6    XL:     3   Next: 95%
Magic:  2/6        EV: 13    Int: 21    God:
Gold:   40         SH:  0    Dex: 10    Spells: 5/6 levels left

rFire    . . .     SeeInvis .   a - +3 quarterstaff
rCold    . . .     Faith    .   (shield currently unavailable)
rNeg     . . .     Spirit   .   (helmet restricted)
rPois    .         Reflect  .   (no amulet)
rElec    .         Harm     .   (no ring)
rCorr    .         Rampage  .   (no ring)
Will     .....                  (no ring)
Stlth    +++.......             (no ring)
HPRegen  0.08/turn              (no ring)
MPRegen  0.10/turn              (no ring)
                                (no ring)
                                (no ring)

@: no status effects
A: almost no armour, amphibious, 8 rings, camouflage 1, gelatinous body 1,
(nimble swimmer 1), tentacles
a: no special abilities


You were on level 2 of the Dungeon.
You visited 1 branch of the dungeon, and saw 2 of its levels.

You collected 40 gold pieces.

Inventory:

Hand Weapons
 a - a +3 quarterstaff (weapon)
Scrolls
 b - a scroll of identify {unknown}
 c - 3 scrolls of noise {unknown}
 d - a scroll of teleportation {unknown}
Potions
 e - a potion of curing {unknown}


   Skills:
 + Level 1.7 Fighting
 + Level 2.8 Dodging
 + Level 4.0 Stealth
 - Level 2.0 Spellcasting
 - Level 4.0 Conjurations


You had 5 spell levels left.
You knew the following spells:

 Your Spells              Type           Power      Damage    Failure   Level
a - Magic Dart            Conj           72%        1d6       2%          1

Your spell library contained the following spells:

 Spells                   Type           Power      Damage    Failure   Level
 Searing Ray              Conj           36%        3d4       4%          2
 Dazzling Flash           Conj/Hex       20%        N/A       19%         3
 Fulminant Prism          Conj/Hex       5%         3d7       54%         4
 Iskenderun's Mystic Bla  Conj/Tloc      10%        2d4       54%         4


Dungeon Overview and Level Annotations

Branches:
Dungeon (2/15)

Altars:


Innate Abilities, Weirdness & Mutations

You cannot wear most types of armour.
You are amphibious.
You can wear up to eight rings at the same time.
Your skin changes colour to match your surroundings (Stealth+).
Your rubbery body absorbs attacks. (AC +1, EV +1)
((You are camouflaged near water. (Stealth+)))
You have tentacles for arms and can constrict up to eight enemies at once.


Message History

You hit Robin. You grab Robin.
Robin is moderately wounded.
You constrict Robin. Robin closely misses you.
Robin roars a battlecry!
The goblins go into a battle-frenzy!
You sock Robin! You squeeze Robin.
You kill Robin!
An endoplasm comes into view.
Your Stealth skill increases to level 4!
The goblin misses you.
Items here: ) [[ †.
You barely miss the gnoll. Your grab misses the gnoll.
The gnoll closely misses you. The gnoll hits you with a +0 club.
The endoplasm jiggles.
You hit the gnoll. You grab the gnoll.
The gnoll is heavily wounded.
You constrict the gnoll. The goblin closely misses you.
The gnoll hits you from afar with a +0 antimagic spear.
You feel your power leaking away. The gnoll hits you with a +0 club.
The goblin hits you but does no damage. The goblin barely misses you.
You release your grip on the gnoll.
The goblin hits you with a +0 club.
* * * LOW HITPOINT WARNING * * *
Items here: ))) ††.
Things that are here:
a +0 whip; a kobold corpse The goblin no longer looks unusually strong.
You sock the goblin!
You kill the goblin!
You sock the endoplasm!
You kill the endoplasm!
A gnoll comes into view. It is wielding a +0 halberd.
The gnoll shouts!
You hit the goblin. You grab the goblin.
The goblin is heavily wounded.
You constrict the goblin. The goblin hits you but does no damage.
You release your grip on the goblin.
Found a stone staircase leading up.
You see here a +0 dagger.
The goblin hits you with a +0 club.
You die...

#..#.....#.........
#...............#..
######...)..............
........................
....)).)................
####.........g.........#
##........g.g.......#
#))..........g.....##
#)#####.....#.@...##
###.######.#.##.<.###
.......).)....#.###
.....g..........#
.................
.................
..............#.
....#####..####....
##...# ##..# ##...


You could see 3 gnolls and a goblin.

Vanquished Creatures
  Robin (D:2)
  4 ball pythons (D:1)
  6 bats (D:1)
  4 endoplasms
  9 goblins (D:2)
  4 hobgoblins
  2 quokkas (D:1)
  2 frilled lizards
  5 kobolds
  2 rats (D:1)
39 creatures vanquished.

Vanquished Creatures (others)
  A hobgoblin (D:1)
1 creature vanquished.

Grand Total: 40 creatures vanquished

Notes
Turn   | Place    | Note
-------+----------+-------------------------------------------
     0 | D:1      | ZARRMARR the Octopode Conjurer began the quest for the Orb.
     0 | D:1      | Reached XP level 1. HP: 11/11 MP: 3/3
   102 | D:1      | Found a faded altar of an unknown god.
   142 | D:1      | Reached XP level 2. HP: 18/18 MP: 1/5
   250 | D:1      | Reached skill level 1 in Fighting
   954 | D:1      | Reached XP level 3. HP: 23/23 MP: 3/6
  1218 | D:2      | Noticed Robin
  1225 | D:2      | Killed Robin
  1250 | D:2      | Slain by a goblin

Illustrated notes

Levels and vault maps discovered:
D:1:      dpeg_arrival_round_b, layout_basic, shapermc_ecumenical_altar_pompeii,
          lemuel_flame_loot_1
D:2:      layout_rooms, serial_shops, shop_coins, shop,
          nicolae_shop_behind_doors, uniq_robin, uniq_terence

Skill      XL: |  1  2  3 |
---------------+----------+-----
Stealth        | 3 4 |  4.0
Fighting       | 1 |  1.7
Dodging        | |  2.8
Spellcasting   | |  2.0
Conjurations   | |  4.0

Action                   || total
-------------------------++-------
Melee: Quarterstaff      ||    18
       Constrict         ||     4
       Tentacles         ||     1
 Cast: Magic Dart        ||    49
Armor: Skin              ||     4
Dodge: Dodged            ||    12
